 Dungeon Crawl Stone Soup version 0.25-a0-413-g3b4b6a4ccc (webtiles) character file.

Game seed: 8900061261394228072, levelgen mode: deterministic

867 MisterFreud the Cutter (level 8, -9/67 HPs)
             Began as a Gnoll Chaos Knight on Jan 14, 2020.
             Was a Plaything of Xom.
             Mangled by a flying skull (14 damage)
             ... on level 3 of the Abyss.
             The game lasted 00:10:46 (3695 turns).

MisterFreud the Cutter (Gnoll Chaos Knight)         Turns: 3695, Time: 00:10:47

Health: -9/67      AC: 13    Str: 15      XL:     8   Next: 3%
Magic:  12/12      EV:  8    Int: 16      God:    Xom [......]
Gold:   305        SH:  0    Dex: 14 (15) Spells: 12/12 levels left

rFire    . . .     SeeInvis .   a - +0 short sword (chaos)
rCold    . . .     Gourm    .   (no shield)
rNeg     . . .     Faith    .   l - +0 chain mail
rPois    .         Spirit   .   r - +0 helmet
rElec    .         Reflect  .   (no cloak)
rCorr    .         Harm     .   (no gloves)
MR       .....                  e - +0 pair of boots
Stlth    ..........             w - amulet of the acrobat
HPRegen  0.21/turn              E - +1 ring of protection
MPRegen  0.13/turn              (no ring)

@: no status effects
A: distributed training, fangs 1, strong nose
a: Renounce Religion


You were on level 3 of the Abyss.
You worshipped Xom.
You were a very special plaything of Xom.
You were not hungry.

You visited 1 branch of the dungeon, and saw 5 of its levels.
You visited the Abyss 1 time.
You also visited: Sewer.

You collected 305 gold pieces.

Inventory:

Hand Weapons
 a - a +0 short sword of chaos (weapon)
 q - a +4 dagger
 J - a +0 rapier
Missiles
 f - 10 boomerangs
 j - 8 boomerangs of dispersal
 k - 83 stones
 o - 26 bolts
 t - 23 poisoned darts (quivered)
 u - 56 sling bullets
 y - 52 arrows
Armour
 b - a +2 leather armour
 e - a +0 pair of boots (worn)
 l - a +0 chain mail (worn)
 r - a +0 helmet (worn)
 B - a +0 troll leather armour {Purgy}
Jewellery
 w - an amulet of the acrobat (around neck)
 E - a +1 ring of protection (left hand)
Wands
 n - a wand of acid (11)
 p - a wand of scattershot (2)
 v - a wand of paralysis (9)
 M - a wand of iceblast (6)
Scrolls
 m - a scroll of fog
 z - 4 scrolls of remove curse
 A - a scroll of fear {unknown}
 C - a scroll of blinking
 D - a scroll of teleportation {unknown}
 F - a scroll of random uselessness {unknown}
 G - 2 scrolls of enchant armour {unknown}
 I - a scroll of magic mapping {unknown}
 K - a scroll of enchant weapon {unknown}
Potions
 d - a potion of cancellation
 g - 2 potions of ambrosia
 h - 5 potions of flight
 i - a potion of heal wounds
 s - a potion of haste
 x - a potion of curing
 L - a potion of resistance
Comestibles
 c - 8 rations
 H - 2 chunks of flesh


   Skills:
 + Level 7.2 Fighting
 + Level 7.2 Short Blades
 + Level 2.8 Long Blades
 + Level 2.8 Axes
 + Level 2.8 Maces & Flails
 + Level 2.8 Polearms
 + Level 2.8 Staves
 + Level 2.8 Slings
 + Level 2.8 Bows
 + Level 2.8 Crossbows
 + Level 2.8 Throwing
 + Level 5.4 Armour
 + Level 3.9 Dodging
 + Level 2.8 Stealth
 + Level 2.8 Shields
 + Level 2.8 Unarmed Combat
 + Level 2.8 Spellcasting
 + Level 2.3 Conjurations
 + Level 2.3 Hexes
 + Level 2.3 Charms
 + Level 2.3 Summonings
 + Level 2.3 Necromancy
 + Level 2.3 Translocations
 + Level 2.3 Transmutations
 + Level 2.3 Fire Magic
 + Level 2.3 Ice Magic
 + Level 2.3 Air Magic
 + Level 2.3 Earth Magic
 + Level 2.3 Poison Magic
 + Level 3.1 Invocations
 + Level 2.8 Evocations


You had 12 spell levels left.
You didn't know any spells.
Your spell library was empty.

Dungeon Overview and Level Annotations

Branches:
Dungeon (5/15)              Sewer (visited)
 Temple: D:4-7

Altars:


Innate Abilities, Weirdness & Mutations

Your experience applies equally to all skills.
You have very sharp teeth.
Your uncanny sense of smell can sniff out nearby items.


Message History

* * * LOW HITPOINT WARNING * * *
Evoke which item? (* to show all) (? for menu, Esc to quit)
Aiming: Scattershot
Press: ? - help, Shift-Dir - straight line, f - flying skull
Aim: a flying skull (unusually strong)
The burst of metal fragments hits the flying skull but does no damage. x4
The flying skull hits you!
* * * LOW HITPOINT WARNING * * *
Unknown command.
Evoke which item? (* to show all) (? for menu, Esc to quit)
Aiming: Scattershot
Press: ? - help, Shift-Dir - straight line, f/p - flying skull
Aim: a flying skull (unusually strong)
The burst of metal fragments hits the flying skull but does no damage. x2
The burst of metal fragments hits the flying skull!
The burst of metal fragments hits the flying skull but does no damage. x3
The flying skull is moderately damaged.
The flying skull barely misses you. The flying skull hits you!
You die...
Xom laughs nastily!

# # # ..# .###
##..# . ...#. ###.
# #.... .......#
...##
###(#.>.####....
##
#.#..##....z.##...
.. ..
........#.@.....#
∆ # # #
#......#......
.#.#.###.#.##..
#...... ## # #.#.#
#....#..# #...
..#.####..# ∆ ...
.#. #.. # .. #...#
#.. ... .. .. ##.
. #...# .


You could see a flying skull.

Vanquished Creatures
  Purgy (Sewer)
  An ice beast (D:3)
  A phantom (D:5)
  A scorpion (D:4)
  A quasit (D:5)
  A bullfrog skeleton (D:4)
  An orc priest (D:4)
  A gnoll shaman (D:5)
  3 orc wizards (D:4)
  2 iguanas
  4 worker ants
  A hound skeleton (D:5)
  Robin (D:2)
  4 adders
  3 gnolls (D:5)
  A river rat (D:4)
  An ooze (D:4)
  3 worms
  3 dart slugs
  2 leopard geckos
  6 orcs
  6 giant cockroaches
  9 goblins
  9 hobgoblins
  3 jackals (D:4)
  7 kobolds
  3 quokkas
  A ball python (D:4)
  8 bats
  5 frilled lizards
  11 rats
104 creatures vanquished.

Vanquished Creatures (others)
  An orc (D:4)
1 creature vanquished.

Grand Total: 105 creatures vanquished

Notes
Turn   | Place    | Note
-------+----------+-------------------------------------------
     0 | D:1      | MisterFreud the Gnoll Chaos Knight began the quest for the
                  | Orb.
     0 | D:1      | Reached XP level 1. HP: 23/23 MP: 1/1
    37 | D:1      | XOM: divination: detect items
   249 | D:1      | XOM: mild Conj miscast
   437 | D:1      | Reached XP level 2. HP: 29/29 MP: 2/2
   601 | D:1      | XOM: cloud trail
   985 | D:1      | XOM: god gift: 32 gold pieces
  1084 | D:2      | Found a faded altar of an unknown god.
  1155 | D:2      | Reached XP level 3. HP: 32/35 MP: 3/3
  1219 | D:2      | Noticed Robin
  1221 | D:2      | XOM: divination: magic mapping
  1230 | D:2      | Reached skill level 1 in Invocations
  1237 | D:2      | Reached skill level 1 in Long Blades
  1237 | D:2      | Reached skill level 1 in Axes
  1237 | D:2      | Reached skill level 1 in Maces & Flails
  1237 | D:2      | Reached skill level 1 in Polearms
  1237 | D:2      | Reached skill level 1 in Staves
  1237 | D:2      | Reached skill level 1 in Slings
  1237 | D:2      | Reached skill level 1 in Bows
  1237 | D:2      | Reached skill level 1 in Crossbows
  1237 | D:2      | Reached skill level 1 in Throwing
  1237 | D:2      | Reached skill level 1 in Stealth
  1237 | D:2      | Reached skill level 1 in Shields
  1237 | D:2      | Reached skill level 1 in Unarmed Combat
  1237 | D:2      | Reached skill level 1 in Spellcasting
  1237 | D:2      | Reached skill level 1 in Evocations
  1247 | D:2      | Killed Robin
  1247 | D:2      | Reached XP level 4. HP: 28/41 MP: 5/5
  1563 | D:2      | XOM: mild Necr miscast
  1654 | D:3      | Reached skill level 1 in Conjurations
  1654 | D:3      | Reached skill level 1 in Hexes
  1654 | D:3      | Reached skill level 1 in Charms
  1654 | D:3      | Reached skill level 1 in Summonings
  1654 | D:3      | Reached skill level 1 in Necromancy
  1654 | D:3      | Reached skill level 1 in Translocations
  1654 | D:3      | Reached skill level 1 in Transmutations
  1654 | D:3      | Reached skill level 1 in Fire Magic
  1654 | D:3      | Reached skill level 1 in Ice Magic
  1654 | D:3      | Reached skill level 1 in Air Magic
  1654 | D:3      | Reached skill level 1 in Earth Magic
  1654 | D:3      | Reached skill level 1 in Poison Magic
  2062 | D:3      | XOM: harmless Pois miscast
  2146 | D:3      | Noticed an ice beast
  2153 | D:3      | Killed an ice beast
  2153 | D:3      | Reached XP level 5. HP: 47/47 MP: 5/7
  2216 | D:3      | XOM: summons 2 hostile demons
  2324 | D:4      | Reached XP level 6. HP: 52/53 MP: 8/8
  2404 | D:4      | Found a glowing drain.
  2426 | D:4      | Reached skill level 5 in Armour
  2459 | Sewer    | Entered a sewer
  2462 | Sewer    | Noticed Purgy
  2474 | Sewer    | Killed Purgy
  2474 | Sewer    | Reached XP level 7. HP: 22/59 MP: 10/10
  2913 | D:4      | XOM: noise
  3275 | D:5      | Entered Level 5 of the Dungeon
  3283 | D:5      | XOM: enchant monster (good)
  3554 | D:5      | Reached XP level 8. HP: 56/67 MP: 12/12
  3649 | D:5      | XOM: severe Tloc miscast
  3649 | D:5      | Cast into level 3 of the Abyss (the severe capriciousness
                  | of Xom)
  3677 | Abyss:3  | Noticed a flying skull
  3683 | Abyss:3  | XOM: enchant monster (bad)
  3688 | Abyss:3  | Noticed a flying skull
  3692 | Abyss:3  | XOM: divination: detect items
  3695 | Abyss:3  | Mangled by a flying skull

Levels and vault maps discovered:
D:1:      dpeg_arrival_stonehenge_12_columns, layout_basic
D:2:      layout_rooms, chequers_ecumenical_altar_simple, grunt_ministairs_15,
          minivault_26, minmay_fractal_squares_gapless_5, uniq_robin
D:3:      layout_basic
D:4:      layout_gridville, portal_sewer_entry_a
D:5:      layout_basic, lemuel_round_altar, ashenzari_altar_1, first_ration
Abyss:3:  base: D:4, eino_small_chamber_without_monster

Skill      XL: |  1  2  3  4  5  6  7 |
---------------+----------------------+-----
Invocations    | 1 2 3 |  3.1
Long Blades    | 1 2 |  2.8
Axes           | 1 2 |  2.8
Maces & Flails | 1 2 |  2.8
Polearms       | 1 2 |  2.8
Staves         | 1 2 |  2.8
Slings         | 1 2 |  2.8
Bows           | 1 2 |  2.8
Crossbows      | 1 2 |  2.8
Throwing       | 1 2 |  2.8
Stealth        | 1 2 |  2.8
Shields        | 1 2 |  2.8
Unarmed Combat | 1 2 |  2.8
Spellcasting   | 1 2 |  2.8
Evocations     | 1 2 |  2.8
Conjurations   | 1 2 |  2.3
Hexes          | 1 2 |  2.3
Charms         | 1 2 |  2.3
Summonings     | 1 2 |  2.3
Necromancy     | 1 2 |  2.3
Translocations | 1 2 |  2.3
Transmutations | 1 2 |  2.3
Fire Magic     | 1 2 |  2.3
Ice Magic      | 1 2 |  2.3
Air Magic      | 1 2 |  2.3
Earth Magic    | 1 2 |  2.3
Poison Magic   | 1 2 |  2.3
Dodging        | 3 |  3.9
Armour         | 5 |  5.4
Fighting       | 7 |  7.2
Short Blades   | 7 |  7.2

Action                   |  1- 3 |  4- 6 |  7- 9 || total
-------------------------+-------+-------+-------++-------
Melee: Short sword       |   111 |   156 |   196 ||   463
       Bite              |    10 |    16 |    17 ||    43
       Punch             |     1 |     1 |     1 ||     3
Throw: Dart              |       |       |    22 ||    22
Evoke: Wand              |     1 |     1 |     4 ||     6
  Use: Scroll            |       |     9 |     1 ||    10
 Stab: Paralysed         |       |     2 |     1 ||     3
       Petrified         |       |     1 |       ||     1
  Eat: Chunk             |     1 |     4 |     4 ||     9
Armor: Leather armour    |    39 |       |       ||    39
       Chain mail        |    32 |    88 |    79 ||   199
Dodge: Dodged            |    61 |    67 |    64 ||   192

Table legend:
 A = Non-vault XP
 B = Vault XP
 C = Vault XP percentage of total XP
 D = Non-vault monster count
 E = Vault monster count
 F = Vault count percentage of total count
                 A         B        C        D         E       F
            +---------+---------+-------+---------+---------+-------
      Total |    1028 |     211 |  17.0 |      80 |      25 |  23.8
            +---------+---------+-------+---------+---------+-------
        D:1 |      25 |       0 |   0.0 |      15 |       0 |   0.0
        D:2 |      55 |      39 |  41.5 |      16 |      13 |  44.8
        D:3 |     166 |       0 |   0.0 |      14 |       0 |   0.0
        D:4 |     403 |      24 |   5.6 |      23 |       6 |  20.7
        D:5 |     379 |       0 |   0.0 |      12 |       0 |   0.0
      Sewer |       0 |     148 | 100.0 |       0 |       6 | 100.0
            +---------+---------+-------+---------+---------+-------
